 Dungeon Crawl Stone Soup version 0.24-a0-179-g7a2c91a (webtiles) character file.

Game seed: 17712342749648694278

138 Lanoc the Slasher (level 5, 0/28 HPs)
             Began as a Vine Stalker Monk on Mar 13, 2019.
             Killed by nerve-wracking pain
             ... invoked by an orc priest
              (8 damage)
             ... on level 4 of the Dungeon.
             The game lasted 00:02:53 (886 turns).

Lanoc the Slasher (Vine Stalker Monk)                Turns: 886, Time: 00:02:54

Health: 0/28       AC:  2    Str: 13    XL:     5   Next: 21%
Magic:  0/6        EV: 14    Int: 10    God:
Gold:   102        SH:  0    Dex: 18    Spells: 4/4 levels left

rFire    . . .     SeeInvis .   a - +0 falchion
rCold    . . .     Gourm    .   (no shield)
rNeg     . . .     Faith    .   b - +0 robe
rPois    .         Spirit   +   (no helmet)
rElec    .         Reflect  .   (no cloak)
rCorr    .         Harm     .   (no gloves)
MR       .....                  (no boots)
Stlth    ++........             (no amulet)
HPRegen  0.49/turn              (no ring)
MPRegen  0.10/turn              (no ring)

@: no status effects
A: fangs 2, regeneration 1, magic shield, antimagic bite, no potion heal 3, rot
immunity
a: no special abilities


You were on level 4 of the Dungeon.
You were not hungry.

You visited 1 branch of the dungeon, and saw 4 of its levels.

You collected 102 gold pieces.

Inventory:

Hand Weapons
 a - a +0 falchion (weapon)
Armour
 b - a +0 robe (worn)
Wands
 g - a wand of acid (11)
Scrolls
 d - a scroll of remove curse {unknown}
 e - a scroll of teleportation {unknown}
 f - 3 scrolls of identify {unknown}
Comestibles
 c - 9 rations
 h - 3 chunks of flesh


   Skills:
 + Level 3.4 Fighting
 * Level 3.9 Long Blades
 - Level 1.1 Armour
 + Level 3.0 Dodging
 - Level 2.4 Stealth


You had 4 spell levels left.
You didn't know any spells.
Your spell library was empty.

Dungeon Overview and Level Annotations

Branches:
Dungeon (4/15)
 Temple: D:4-7

Altars:
Fedhas
Gozag
Zin


Innate Abilities, Weirdness & Mutations

You have extremely sharp teeth.
Your natural rate of healing is unusually fast.
When hurt, damage is shared between your health and your magic reserves.
Your bite disrupts and absorbs the magic of your enemies.
Potions cannot restore your health.
You are immune to rotting.


Message History

Things that are here:
a +0 whip; a gnoll skeleton; a hound skeleton You start resting.
Magic restored.
You start resting.
HP restored.
There is a stone staircase leading down here.
You climb downwards.
The gnoll barely misses you.
You riposte.
The orc priest shouts!
The orc wizard shouts!
You hit the gnoll but do no damage. You bite the gnoll. You drain its power.
The gnoll is lightly wounded.
The orc misses you. The gnoll hits you with a +0 flail!
The gnoll closely misses you. The gnoll hits you.
The orc hits you with a +0 club.
There is a stone staircase leading up here.
The gnoll barely misses you. The gnoll hits you with a +0 flail!
* * * LOW HITPOINT WARNING * * *
The orc priest mumbles some strange prayers to Beogh against you.
Pain shoots through your body!
You die...

.# #.####.####.# g#
#..# ..... #.#+## .#
#..#.......#....## .#
#..#.......#.....##
g###.....o_..........##
o.....#.......#.......#
#.##..#.......#.g[....+
#.##..# ..... #.o.....#
#o##..####.####g@g...##
#.##..............>.##
#o#####..##........##
#.o.ggg..########o##
########.# .# #.# o#
#.# .# #.# .. #..


You could see an orc priest, an orc wizard, 3 gnolls and an orc.

Vanquished Creatures
  A hound (D:3)
  Terence (D:2)
  A gnoll (D:3)
  4 adders (D:3)
  An ooze (D:2)
  A worm (D:3)
  A dart slug (D:1)
  A leopard gecko (D:2)
  5 orcs (D:3)
  A giant cockroach (D:3)
  3 goblins
  A quokka (D:3)
  2 bats
  2 frilled lizards
  3 kobolds
  A rat (D:3)
29 creatures vanquished.

Notes
Turn   | Place    | Note
-------+----------+-------------------------------------------
     0 | D:1      | Lanoc the Vine Stalker Monk began the quest for the Orb.
     0 | D:1      | Reached XP level 1. HP: 11/11 MP: 2/2
   127 | D:2      | Reached XP level 2. HP: 11/16 MP: 3/3
   130 | D:2      | Found a blossoming altar of Fedhas.
   200 | D:2      | Noticed Terence
   223 | D:2      | Killed Terence
   223 | D:2      | Reached XP level 3. HP: 11/20 MP: 2/4
   500 | D:3      | Reached skill level 1 in Armour
   543 | D:3      | Gained mutation: Your natural rate of healing is unusually
                  | fast. [Vine Stalker growth]
   543 | D:3      | Reached XP level 4. HP: 19/24 MP: 5/5
   654 | D:3      | Found an opulent altar of Gozag.
   771 | D:4      | Found a glowing silver altar of Zin.
   839 | D:3      | Reached XP level 5. HP: 11/28 MP: 4/6
   886 | D:4      | Killed from afar by an orc priest

Levels and vault maps discovered:
D:1:      saegor_arrival_under_anarchy, layout_basic, minmay_lizard_king
D:2:      layout_loops_cross, fedhas_ov_isle_minmay, first_ration,
          nrook_mini_vaults, uniq_terence
D:3:      layout_basic, marbit_many_paths, old_standard_altar,
          serial_park_tiny_2, kennysheep_generic_room_6,
          uniq_crazy_yiuf_cottage, uniq_ijyb
D:4:      layout_loops_corners, old_standard_altar, minmay_temple_entry_slanted,
          minivault_19

Skill      XL: |  1  2  3  4 |
---------------+-------------+-----
Long Blades    | 3 |  3.9
Fighting       | 3 |  3.4
Armour         | 1 |  1.1
Dodging        | 3 |  3.0
Stealth        | |  2.4

Action                   |  1- 3 |  4- 6 || total
-------------------------+-------+-------++-------
Melee: Falchion          |    55 |    60 ||   115
       Bite              |    16 |    29 ||    45
  Use: Potion            |     1 |       ||     1
 Stab: Sleeping          |     2 |     2 ||     4
Armor: Robe              |     7 |     6 ||    13
Dodge: Dodged            |    54 |    62 ||   116
       Rpst.: Falchion   |    17 |    10 ||    27

Table legend:
 A = Non-vault XP
 B = Vault XP
 C = Vault XP percentage of total XP
 D = Non-vault monster count
 E = Vault monster count
 F = Vault count percentage of total count
                 A         B        C        D         E       F
            +---------+---------+-------+---------+---------+-------
      Total |     162 |      36 |  18.2 |      28 |       1 |   3.4
            +---------+---------+-------+---------+---------+-------
        D:1 |       4 |       0 |   0.0 |       1 |       0 |   0.0
        D:2 |      17 |      36 |  67.9 |       7 |       1 |  12.5
        D:3 |     141 |       0 |   0.0 |      20 |       0 |   0.0
            +---------+---------+-------+---------+---------+-------
